 Dungeon Crawl Stone Soup version 0.21.1-1-g345015f (webtiles) character file.

74464 Fang the Severer (level 15, -2/150 HPs)
             Began as a Gargoyle Berserker on June 11, 2018.
             Was a High Priest of Trog.
             Slain by a harpy (11 damage)
             ... summoned by Kirke
             ... on level 15 of the Dungeon.
             The game lasted 00:39:21 (21456 turns).

Fang the Severer (Gargoyle Berserker)              Turns: 21456, Time: 00:39:22

Health: -2/150     AC:  0    Str: 33    XL:     15   Next: 46%
Magic:  15/15      EV: 16    Int:  7    God:    Trog [*****.]
Gold:   1644       SH:  0    Dex:  9    Spells: 14/14 levels left

rFire    . . .     SeeInvis .   (weapon currently unavailable)
rCold    . . .     Gourm    .   (shield currently unavailable)
rNeg     + . .     Faith    +   (armour currently unavailable)
rPois    ∞         Spirit   .   (helmet currently unavailable)
rElec    .         Reflect  .   (cloak currently unavailable)
rCorr    .         Harm     .   (gloves currently unavailable)
MR       +....                  (boots currently unavailable)
Stlth    ..........             m - amulet of faith
HPRegen  0.35/turn              (ring currently unavailable)
MPRegen  0.14/turn              (ring currently unavailable)

@: berserking (expiring), pig-form, flying, very quick
A: small, negative energy resistance 1, petrification resistance, rot immunity,
AC +11
a: Berserk, Trog's Hand, Brothers in Arms, Burn Spellbooks, Renounce Religion


You were on level 15 of the Dungeon.
You worshipped Trog.
Trog was extremely pleased with you.
You were not hungry.
You were a filthy swine.
You visited 2 branches of the dungeon, and saw 21 of its levels.
You also visited: Labyrinth, Bailey and Ice Cave.

You collected 1644 gold pieces.

Inventory:

Hand Weapons
 a - a +0 hand axe
 d - a +2 war axe of freezing
 l - the +2 executioner's axe "Soxixomu" (melded) {chop, *Rage *Drain +Blink rF+++}
   (Trog gifted it to you on level 6 of the Lair of Beasts)

   It inflicts extra damage upon your enemies.
   It renders you almost immune to fire.
   It lets you blink.
   It may make you go berserk in combat.
   It causes draining when unequipped.
 B - a +2 hand axe of chopping
 I - a +5 war axe of venom
Missiles
 C - 72 tomahawks of returning (quivered)
Armour
 n - a +4 chain mail of cold resistance
 P - the +3 plate armour of Trumpets (melded) {-Cast MP+9 Str+2 Dex+3}
   (You took it off a minotaur in a labyrinth)

   It affects your strength (+2).
   It affects your dexterity (+3).
   It affects your magic capacity (+9).
   It prevents spellcasting.
 Z - a +2 pair of boots of running (melded)
Jewellery
 f - a +4 ring of protection (melded)
 j - a +2 ring of slaying (melded)
 m - an amulet of faith (around neck)
 o - a +1 ring of evasion {unknown}
 t - an uncursed ring of protection from fire {unknown}
Wands
 e - a wand of polymorph (13)
 h - a wand of scattershot (1)
 s - a wand of flame (31)
 y - a wand of enslavement (27)
 D - a wand of iceblast (16)
 G - a wand of disintegration (26)
 J - a wand of random effects (66)
 O - a wand of paralysis (20)
Scrolls
 b - 7 scrolls of teleportation
 g - 11 scrolls of remove curse
 p - 2 scrolls of magic mapping
 F - a scroll of enchant armour
 L - 2 scrolls of fear
 U - a scroll of silence
 V - 6 scrolls of identify
 W - a scroll of summoning
 X - a scroll of enchant weapon
Potions
 i - 2 potions of haste
 k - 14 potions of heal wounds
 q - 5 potions of agility
 r - 2 potions of ambrosia
 w - 3 potions of cancellation
 x - 3 potions of might
 z - 11 potions of curing
 E - 8 potions of magic
 H - 2 potions of brilliance
Books
 R - a book of Misfortune

   Spells                             Type                      Level
   a - Confusing Touch                Hexes                        1
   b - Confuse                        Hexes                        3
   c - Gell's Gravitas                Translocation                3
   d - Petrify                        Transmutation/Earth          4
   e - Metabolic Englaciation         Hexes/Ice                    5
   f - Yara's Violent Unravelling     Hexes/Transmutation          5
   Trog disapproves of the use of such an item.
 S - a book of Changes

   Spells                             Type                      Level
   a - Beastly Appendage              Transmutation                1
   b - Sticks to Snakes               Transmutation                2
   c - Spider Form                    Transmutation/Poison         3
   d - Ice Form                       Ice/Transmutation            4
   e - Blade Hands                    Transmutation                5
   Trog disapproves of the use of such an item.
Comestibles
 c - 33 rations


   Skills:
 + Level 14.0 Fighting
 + Level 17.4 Axes
 + Level 11.7 Armour
 + Level 5.4 Dodging
 + Level 5.9 Stealth


You had 14 spell levels left.
You didn't know any spells.

Dungeon Overview and Level Annotations

Branches:
Dungeon (15/15)            Temple (0/1) D:4            Lair (6/6) D:9
 Shoals (0/4) Lair:3        Snake (0/4) Lair:2        Slime (0/5) Lair:6
    Orc (0/2) D:10         Depths (0/5) D:15
 Vaults: D:13-14

Altars:
Cheibriados
Dithmenos
Elyvilon
Fedhas
Gozag
Kikubaaqudgha
Nemelex Xobeh
Okawaru
Qazlal
Ru
Trog
Uskayaw
Wu Jian
Xom
Zin
Beogh
Jiyva

Shops:
D:5 %   D:9 =   D:12 }

Portals:
Trove: D:10 (give +2 shadow dragon scales)

Annotations:
D:15 Kirke


Innate Abilities, Weirdness & Mutations

You are resistant to torment.
((Your stone body is resilient. (AC +11)))
You are immune to poison.
((Your large and strong wings let you fly indefinitely.))
You resist negative energy. (rN+)
((You are resistant to electric shocks. (rElec)))
((You can survive without breathing.))
You are immune to petrification.
You are immune to rotting.


Message History

Unknown command.
You bite the harpy!
The harpy is moderately wounded.
The harpy claws you!
* * * LOW HITPOINT WARNING * * *
The harpy closely misses you.
Kirke gestures wildly while chanting.
Kirke summons a manticore!
The harpy claws you!
* * * LOW HITPOINT WARNING * * *
The harpy claws you.
* * * LOW HITPOINT WARNING * * *
The hog closely misses you. x2
You bite the harpy!
The harpy is severely wounded.
The harpy claws you.
* * * LOW HITPOINT WARNING * * *
The harpy closely misses you. The harpy claws you!
* * * LOW HITPOINT WARNING * * *
The harpy claws you!
You die...

................#
...$..............#
........[.........#
..................##
..............†......
..................##.
..................##
..................≈#
....H.)hh.........≈≈.
....@.†hHH........≈≈.
......))..........≈#.
..................##
..................#
..................#
..................#
..................#
...$..............#


You could see Kirke, a manticore, 2 harpies and 2 hogs.

Vanquished Creatures
  The ghost of BeingJoeMalik the Fencer, a journeyman TeGl of Okawaru (Lair:2)
  A minotaur (Lab)
  2 hydras
  Erolcha (D:9)
  A two-headed ogre (D:14)
  5 catoblepae
  17 death yaks
  Nergalle (D:10)
  An unseen horror (D:15)
  A wizard (D:14)
  Pikel (D:4)
  An elephant (shapeshifter) (D:15)
  7 ugly things
  4 manticores
  11 elephants
  A centaur zombie (D:12)
  3 cyclopes
  4 black mambas
  A torpor snail (Lair:6)
  3 gargoyles
  10 spiny frogs
  A freezing wraith (D:12)
  3 rime drakes
  5 komodo dragons
  An efreet (D:15)
  The ghost of wotkd0121004 the Digger, a novice OpEE (D:5)
  A merfolk (Lair:3)
  3 meliai (D:15)
  5 trolls
  A hornet (D:9)
  A minotaur skeleton (Lab)
  9 blink frogs
  4 dream sheep (Lair:4)
  11 hippogriffs
  4 slime creatures (D:12)
  A shadow (D:12)
  2 water elementals (D:15)
  A wraith (D:12)
  42 yaks
  5 hogs
  A human (D:11)
  2 wyverns
  2 steam dragons
  2 hungry ghosts
  Menkaure (D:5)
  2 basilisks
  An acid dragon (D:11)
  8 porcupines
  4 water moccasins
  8 orc warriors
  3 sky beasts
  3 slaves (D:4)
  An eye of draining (D:9)
  5 necrophages
  A phantom (D:12)
  14 ice beasts
  6 ogres
  4 boggarts (D:14)
  3 centaurs
  3 wolves (Lair:1)
  14 crocodiles
  17 bullfrogs
  A wyvern zombie (D:12)
  7 scorpions
  A water moccasin skeleton (D:7)
  10 killer bees
  7 wights
  10 howler monkeys
  3 electric eels
  A bullfrog zombie (D:10)
  7 crimson imps
  A bullfrog skeleton (D:7)
  5 orc priests
  2 hounds
  5 jellies
  3 centaur skeletons
  5 iguanas
  7 orc wizards
  9 worker ants
  2 hound skeletons
  A howler monkey zombie (D:5)
  2 worker ant zombies (D:8)
  13 gnolls (Bailey)
  13 adders
  4 shadow imps
  An ooze (D:1)
  An adder zombie (D:8)
  4 adder skeletons
  A worm (D:5)
  3 dart slugs
  5 leopard geckos
  46 orcs
  4 giant cockroaches
  6 goblins
  21 hobgoblins
  27 jackals
  8 quokkas
  2 ball pythons
  6 bats
  2 frilled lizards
  A jackal skeleton (D:4)
  11 kobolds
  A leopard gecko skeleton (D:4)
  5 rats
  A butterfly (Lair:1)
  6 fungi
  8 plants
572 creatures vanquished.

Vanquished Creatures (collateral kills)
  5 hydras
  A hippogriff (Lair:2)
  A blink frog (D:9)
7 creatures vanquished.

Vanquished Creatures (others)
  A fire giant (D:15)
  A black mamba (Lair:6)
  3 fungi
  3 plants (D:12)
8 creatures vanquished.

Grand Total: 587 creatures vanquished

Notes
Turn   | Place    | Note
-------+----------+-------------------------------------------
     0 | D:1      | Fang the Gargoyle Berserker began the quest for the Orb.
     0 | D:1      | Reached XP level 1. HP: 14/14 MP: 1/1
   273 | D:1      | Reached XP level 2. HP: 11/19 MP: 2/2
   454 | D:1      | Reached skill level 3 in Axes
   813 | D:1      | Reached ** piety under Trog
   813 | D:1      | Reached XP level 3. HP: 20/23 MP: 3/3
  1134 | D:2      | Found a bloodstained altar of Trog.
  2073 | D:3      | Found a sparkling altar of Nemelex Xobeh.
  2074 | D:3      | Found an opulent altar of Gozag.
  2531 | D:3      | Found a white marble altar of Elyvilon.
  2537 | D:3      | Reached XP level 4. HP: 29/29 MP: 4/4
  2590 | D:3      | Found a blossoming altar of Fedhas.
  2930 | D:4      | Reached XP level 5. HP: 26/33 MP: 5/5
  2996 | D:4      | Found a staircase to the Ecumenical Temple.
  3086 | D:4      | Noticed a slave
  3186 | D:4      | Killed a slave
  3267 | D:4      | Reached skill level 4 in Axes
  3321 | D:4      | Found a sacrificial altar of Ru.
  3354 | D:4      | Noticed Pikel
  3354 | D:4      | Noticed a slave
  3357 | D:4      | Noticed a slave
  3359 | D:4      | Noticed a slave
  3375 | D:4      | Killed a slave
  3378 | D:4      | Killed a slave
  3388 | D:4      | Killed Pikel
  3388 | D:4      | Reached skill level 5 in Axes
  3388 | D:4      | Reached skill level 1 in Stealth
  3388 | D:4      | Reached XP level 6. HP: 34/40 MP: 6/6
  3388 | D:4      | Reached XP level 7. HP: 37/44 MP: 7/7
  3497 | D:4      | Reached skill level 5 in Fighting
  3810 | D:4      | Reached skill level 6 in Axes
  3921 | D:5      | Entered Level 5 of the Dungeon
  3953 | D:5      | Found an ornate altar of the Wu Jian Council.
  3968 | D:5      | Reached XP level 8. HP: 49/49 MP: 8/8
  3990 | D:5      | Reached *** piety under Trog
  4159 | D:5      | Noticed an air elemental
  4237 | D:5      | Noticed Menkaure
  4249 | D:5      | Killed Menkaure
  4431 | D:5      | Found a stormy altar of Qazlal.
  4440 | D:5      | Noticed a water elemental
  4466 | D:5      | Noticed wotkd0121004's ghost (novice OpEE)
  4469 | D:5      | Found Tuynun's Food Shoppe.
  4479 | D:5      | Reached skill level 7 in Axes
  4480 | D:5      | Killed wotkd0121004's ghost
  4480 | D:5      | Reached skill level 5 in Armour
  5343 | D:6      | Reached skill level 8 in Axes
  5387 | D:6      | Reached XP level 9. HP: 55/55 MP: 9/9
  5548 | D:6      | Found an ancient bone altar of Kikubaaqudgha.
  5817 | D:6      | Found a shadowy altar of Dithmenos.
  6026 | D:7      | Reached **** piety under Trog
  6266 | D:7      | Found a flagged portal.
  6280 | D:7      | Reached skill level 9 in Axes
  6383 | Bailey   | Entered a bailey
  6841 | D:7      | Found a glowing silver altar of Zin.
  6849 | D:7      | Reached ***** piety under Trog
  6861 | D:7      | Noticed an angel
  6899 | D:7      | Found a shimmering altar of Xom.
  7509 | D:8      | Reached skill level 10 in Axes
  7552 | D:8      | Found an iron altar of Okawaru.
  7564 | D:8      | Reached XP level 10. HP: 63/63 MP: 10/10
  7986 | D:8      | Received a gift from Trog
  8141 | D:8      | Found a snail-covered altar of Cheibriados.
  8329 | D:9      | Found a staircase to the Lair.
  8373 | D:9      | Found a hide-covered altar of Uskayaw.
  8377 | D:9      | Found Tegi's Jewellery Boutique.
  8479 | D:9      | Noticed Erolcha
  8490 | D:9      | Killed Erolcha
  8490 | D:9      | Reached skill level 11 in Axes
  8993 | D:10     | Entered Level 10 of the Dungeon
  9196 | D:10     | Received a gift from Trog
  9336 | D:10     | Found a portal to a secret trove of treasure.
  9405 | D:10     | Noticed Nergalle
  9416 | D:10     | Killed Nergalle
  9416 | D:10     | Reached XP level 11. HP: 69/69 MP: 11/11
  9464 | D:10     | Reached skill level 10 in Fighting
  9464 | D:10     | Reached skill level 12 in Axes
  9464 | D:10     | Reached skill level 5 in Stealth
  9464 | D:10     | Reached XP level 12. HP: 77/77 MP: 12/12
  9647 | D:10     | Found a staircase to the Orcish Mines.
  9655 | D:10     | Found a roughly hewn altar of Beogh.
 10286 | D:11     | Noticed an eight-headed hydra
 10290 | D:11     | Killed an eight-headed hydra
 10546 | D:11     | Noticed a four-headed hydra
 10559 | D:11     | Killed a 13-headed hydra
 10846 | D:11     | Reached skill level 13 in Axes
 11307 | D:12     | Reached skill level 5 in Dodging
 11629 | D:12     | Found Doniso's Gadget Boutique.
 12761 | Lair:1   | Entered Level 1 of the Lair of Beasts
 12761 | Lair:1   | Noticed a six-headed hydra
 12774 | D:9      | Killed a six-headed hydra
 12774 | D:9      | Reached XP level 13. HP: 55/84 MP: 13/13
 12900 | Lair:1   | Reached skill level 14 in Axes
 13565 | Lair:2   | Noticed BeingJoeMalik's ghost (journeyman TeGl)
 13726 | Lair:2   | Killed BeingJoeMalik's ghost
 13815 | Lair:2   | Found a staircase to the Snake Pit.
 13825 | Lair:2   | Found a frozen archway.
 13837 | IceCv    | Entered an ice cave
 14017 | IceCv    | Received a gift from Trog
 14310 | Lair:2   | Reached skill level 10 in Armour
 14405 | Lair:2   | Received a gift from Trog
 15471 | Lair:3   | Found a labyrinth entrance.
 15545 | Lab      | Entered a labyrinth
 15691 | Lab      | Reached skill level 15 in Axes
 15856 | Lab      | Noticed a minotaur
 15878 | Lab      | Killed a minotaur
 15880 | Lab      | Got a faintly glowing plate armour
 16006 | Lair:3   | Identified the +3 plate armour of Trumpets {-Cast MP+9 Str+2 Dex+3} (You took it off a minotaur in a labyrinth)
 16303 | Lair:3   | Found a staircase to the Shoals.
 16344 | Lair:3   | You fall through a shaft for 2 floors!
 16507 | Lair:4   | Gained mutation: Your large and strong wings let you fly indefinitely. [Gargoyle growth]
 16507 | Lair:4   | Reached XP level 14. HP: 92/92 MP: 14/14
 17790 | Lair:5   | Got a twisted leather armour
 17820 | Lair:5   | Identified a +2 pair of boots of running (You found it on level 5 of the Lair of Beasts)
 17830 | Lair:5   | Identified the +1 leather armour "Ahaekueff" {rCorr} (You found it on level 5 of the Lair of Beasts)
 18419 | Lair:6   | Entered Level 6 of the Lair of Beasts
 18763 | Lair:6   | Received a gift from Trog
 18768 | Lair:6   | Got a pitted executioner's axe {god gift}
 18769 | Lair:6   | Identified the +2 executioner's axe "Soxixomu" {chop, *Rage *Drain +Blink rF+++} (Trog gifted it to you on level 6 of the Lair of Beasts)
 18877 | Lair:6   | Found a viscous altar of Jiyva.
 18877 | Lair:6   | Found a staircase to the Slime Pits.
 19145 | Lair:6   | Reached skill level 16 in Axes
 19650 | Lair:6   | Reached XP level 15. HP: 99/99 MP: 15/15
 20830 | D:14     | Received a gift from Trog
 20830 | D:14     | Reached skill level 17 in Axes
 20930 | D:14     | Received a gift from Trog
 21293 | D:14     | You are sucked into a shaft!
 21293 | D:15     | Entered Level 15 of the Dungeon
 21318 | D:15     | Found a staircase to the Depths.
 21319 | D:15     | Noticed a fire giant
 21330 | D:15     | Killed a fire giant
 21443 | D:15     | Noticed Kirke
 21456 | D:15     | Slain by a harpy

Skill      XL: |  1  2  3  4  5  6  7  8  9 10 11 12 13 14 15 |
---------------+----------------------------------------------+-----
Axes           | 3 5 6 8 10 11 12 13 15 16 17 | 17.4
Dodging        | 2 3 4 5 |  5.4
Fighting       | 4 5 6 7 8 10 11 12 13 14 | 14.0
Armour         | 4 5 6 7 8 10 11 | 11.7
Stealth        | 1 5 |  5.9

Action                   |  1- 3 |  4- 6 |  7- 9 | 10-12 | 13-15 || total
-------------------------+-------+-------+-------+-------+-------++-------
Melee: Hand axe          |   148 |    77 |   520 |    86 |       ||   831
       War axe           |       |       |       |   396 |   470 ||   866
       Executioner's axe |       |       |       |       |   230 ||   230
       Unarmed           |       |       |       |       |    10 ||    10
Invok: Berserk           |       |     1 |     5 |     6 |     9 ||    21
       Brothers in Arms  |       |       |       |     7 |     5 ||    12
 Abil: Fly               |       |       |       |       |     1 ||     1
  Use: Scroll            |       |       |       |    26 |     6 ||    32
       Potion            |       |       |       |     1 |     1 ||     2
 Stab: Distracted        |       |       |       |       |     1 ||     1
       Petrifying        |       |       |       |       |     1 ||     1
       Petrified         |       |       |       |       |     1 ||     1
  Eat: Chunk             |     4 |     3 |    17 |    19 |    23 ||    66
       Ration            |       |       |     1 |     2 |     5 ||     8
Armor: Animal skin       |    58 |       |       |       |       ||    58
       Chain mail        |     3 |    62 |   265 |   318 |   184 ||   832
       Plate armour      |       |       |       |       |   365 ||   365
Dodge: Dodged            |   113 |    41 |   237 |   225 |   304 ||   920
